 Dungeon Crawl Stone Soup version 0.24.0-123-gd5b16e6ec5 (webtiles) character file.

Game seed: 7668468164600510538, levelgen mode: deterministic

9125 H0rd4k the Eclecticist (level 11, -3/54 HPs)
             Began as a Deep Elf Wizard on Jan 24, 2020.
             Slain by an orc warrior
             ... wielding a +0 short sword
              (15 damage)
             ... on level 11 of the Dungeon on Jan 28, 2020.
             The game lasted 00:50:44 (15185 turns).

H0rd4k the Eclecticist (Deep Elf Wizard)           Turns: 15185, Time: 00:50:45

Health: -3/54      AC:  5    Str:  4    XL:     11   Next: 18%
Magic:  16/32      EV: 15    Int: 27    God:
Gold:   391        SH:  0    Dex: 13    Spells: 27/40 levels left

rFire    + . .     SeeInvis +   B - +12 Vampire's Tooth {vamp}
rCold    . . .     Gourm    +   (no shield)
rNeg     . . .     Faith    .   a - +0 robe
rPois    .         Spirit   .   v - +2 helmet {SInv}
rElec    .         Reflect  .   m - scarf {repulsion}
rCorr    .         Harm     .   (no gloves)
MR       +....                  (no boots)
Stlth    +++.......             K - amulet of the gourmand
HPRegen  0.18/turn              n - ring of protection from fire
MPRegen  0.23/turn              r - ring of wizardry

@: studying Fighting, lightly drained, repel missiles
A: no striking features
a: no special abilities


You were on level 11 of the Dungeon.
You were not hungry.

You visited 1 branch of the dungeon, and saw 11 of its levels.
You also visited: Ossuary.

You collected 572 gold pieces.
You spent 181 gold pieces at shops.

Inventory:

Hand Weapons
 c - a +3 dagger of draining
 q - a +0 dagger of protection
 B - the +12 Vampire's Tooth (weapon) {vamp}
   (You found it on level 10 of the Dungeon)

   It inflicts no extra harm, but heals its wielder when it wounds a living foe.
Missiles
 y - 2 silver javelins (quivered)
Armour
 a - a +0 robe (worn)
 b - a +0 hat
 m - a scarf of repulsion (worn)
 v - a +2 helmet of see invisible (worn)
Jewellery
 l - an uncursed ring of resist corrosion
 n - a ring of protection from fire (left hand)
 r - a ring of wizardry (right hand)
 K - an amulet of the gourmand (around neck)
Wands
 s - a wand of enslavement (8)
 x - a wand of flame (31)
 I - a wand of paralysis (21)
 J - a wand of iceblast (8)
Scrolls
 e - 5 scrolls of remove curse
 f - 4 scrolls of enchant weapon
 i - a scroll of fog
 k - 2 scrolls of magic mapping
 o - 3 scrolls of teleportation
 u - a scroll of blinking
 z - 4 scrolls of amnesia
 A - a scroll of enchant armour
 D - 2 scrolls of identify
Potions
 h - 2 potions of agility
 j - 2 potions of lignification {unknown}
 p - 4 potions of heal wounds
 t - 3 potions of curing
 w - 2 potions of ambrosia
 C - a potion of magic {unknown}
 E - 3 potions of flight
 F - a potion of berserk rage {unknown}
 H - 2 potions of brilliance
 L - a potion of mutation {unknown}
 M - 2 potions of degeneration {unknown}
Books
 g - a manual of Fighting
Comestibles
 d - 19 rations


   Skills:
 + Level 5.8 Dodging
 + Level 5.0 Stealth
 + Level 15.4 Spellcasting
 + Level 9.8 Conjurations
 + Level 4.0 Summonings
 + Level 2.1 Translocations
 + Level 3.5 Fire Magic
 + Level 3.2 Air Magic
 + Level 2.5(2.4) Poison Magic
 + Level 0.3 Evocations


You had 27 spell levels left.
You knew the following spells:

 Your Spells              Type           Power        Failure   Level  Hunger
a - Magic Dart            Conj           ####         1%          1    None
b - Blink                 Tloc           N/A          1%          2    None
c - Conjure Flame         Conj/Fire      ######..     1%          3    None
d - Mephitic Cloud        Conj/Pois/Air  #####...     1%          3    None
e - Summon Lightning Spi  Summ/Air       #####...     2%          4    None

Your spell library contained the following spells:

 Spells                   Type           Power        Failure   Level  Hunger
 Sting                    Conj/Pois      ####         1%          1    None
 Summon Small Mammal      Summ           ####         1%          1    None
 Call Imp                 Summ           #####...     1%          2    None
 Poisonous Vapours        Pois/Air       #####.       1%          2    None
 Slow                     Hex            ###.....     1%          2    None
 Call Canine Familiar     Summ           #####...     1%          3    None
 Summon Guardian Golem    Hex/Summ       ####....     1%          3    None
 Venom Bolt               Conj/Pois      ######....   2%          5    None
 Olgreb's Toxic Radiance  Pois           ####....     3%          4    None
 Summon Ice Beast         Ice/Summ       ####....     4%          4    None


Dungeon Overview and Level Annotations

Branches:
Dungeon (11/15)            Temple (0/1) D:5            Lair (0/6) D:8
Ossuary (visited)
    Orc: D:9-12

Altars:
Ashenzari
Fedhas
Hepliaklqana
Makhleb
Trog
Xom

Shops:
D:5 [

Annotations:
D:5 exclusion: downstairs
D:6 exclusion: acid dragon
D:7 1 runed translucent door, Thomus's ghost, novice MiBe
D:9 exclusion: 2 downstairs
D:10 exclusion: 2 downstairs


Message History

The orc warrior is heavily wounded.
The orc warrior hits you with a +0 short sword!!
Casting: Magic Dart (safe; 1% risk of failure)
Confirm with . or Enter, or press ? or * to list all spells.
Aiming: Magic Dart (safe; 1% risk of failure)
Press: ? - help, Shift-Dir - straight line, f/p - orc warrior
Aim: an orc warrior, wielding a +0 short sword and wearing a +0 chain mail (heavily wounded)
The magic dart hits the orc warrior.
The orc warrior is severely wounded.
The orc warrior hits you with a +0 short sword!!
* * * LOW HITPOINT WARNING * * *
Casting: Magic Dart (safe; 1% risk of failure)
Confirm with . or Enter, or press ? or * to list all spells.
Aiming: Magic Dart (safe; 1% risk of failure)
Press: ? - help, Shift-Dir - straight line, f/p - orc warrior
Aim: an orc warrior, wielding a +0 short sword and wearing a +0 chain mail (severely wounded)
The magic dart hits the orc warrior but does no damage.
The orc warrior is severely wounded.
The orc warrior hits you with a +0 short sword!
You die...

......#...#
#.......>.# .
.........# ..
#.......##...
#...........
#...........
#.8........
###..@o.))...
##...........)
#..#..#.......
######<............
.
#..................
.
#..................
#
#..........#.......
#..........#.......
#.....##.........


You could see an orc warrior and a friendly lightning spire.

Vanquished Creatures
  A two-headed ogre (D:9)
  A troll (D:9)
  A hornet (D:8)
  Grinder (D:3)
  2 hippogriffs
  Sigmund (D:3)
  3 yaks
  2 sky beasts
  Duvessa (D:4)
  3 orc warriors
  2 ice beasts
  A phantom (D:6)
  A hornet zombie (D:10)
  4 ogres
  A centaur (D:3)
  3 crocodiles
  5 big kobolds (D:9)
  2 elf zombies (Ossuary)
  5 bullfrogs
  A wyvern zombie (D:7)
  Dowan (D:4)
  4 scorpions
  A killer bee (D:11)
  9 wights
  2 howler monkeys
  4 crimson imps
  A centaur zombie (Ossuary)
  3 bullfrog zombies
  A hound (D:5)
  3 human zombies (Ossuary)
  7 orc wizards
  8 orc priests
  5 jellies
  2 bullfrog skeletons
  Jessica (D:2)
  4 iguanas
  6 worker ants
  Terence (D:2)
  A killer bee zombie (D:5)
  A big kobold zombie (Ossuary)
  2 hound zombies
  3 hound skeletons (D:6)
  2 mummies (Ossuary)
  A howler monkey zombie (D:9)
  2 worker ant zombies
  Robin (D:4)
  9 adders
  3 shadow imps
  An ooze (D:5)
  2 adder zombies
  A worm (D:2)
  2 leopard geckos
  28 orcs
  14 giant cockroaches
  17 goblins
  7 hobgoblins
  6 jackals
  2 quokkas (D:2)
  5 ball pythons
  4 bats
  3 frilled lizards
  9 hobgoblin zombies (Ossuary)
  A jackal skeleton (D:6)
  2 jackal zombies (Ossuary)
  12 kobolds
  7 kobold zombies (Ossuary)
  A leopard gecko skeleton (D:6)
  10 orc zombies (Ossuary)
  A quokka skeleton (D:7)
  3 quokka zombies (D:8)
  2 rats
  A rat zombie (Ossuary)
  2 plants (D:8)
272 creatures vanquished.

Vanquished Creatures (collateral kills)
  A two-headed ogre (D:8)
  An oklob plant (D:8)
  Maurice (D:9)
  A kobold demonologist (D:9)
  A troll (D:11)
  A hippogriff (D:9)
  3 yaks (D:10)
  A water moccasin (D:8)
  An orc warrior (D:10)
  A phantom (D:10)
  An ogre (D:10)
  5 big kobolds (D:9)
  2 scorpions (D:10)
  An oklob sapling (D:8)
  11 killer bees
  6 wights
  2 orc priests (D:9)
  A hound (D:10)
  3 orc wizards
  An iguana (D:9)
  2 worker ants
  6 adders
  A leopard gecko (D:10)
  9 orcs
  A jackal (D:8)
  2 kobolds (D:9)
  3 ball pythons (D:8)
69 creatures vanquished.

Vanquished Creatures (others)
  A plant (D:8)
1 creature vanquished.

Grand Total: 342 creatures vanquished

Notes
Turn   | Place    | Note
-------+----------+-------------------------------------------
     0 | D:1      | H0rd4k the Deep Elf Wizard began the quest for the Orb.
     0 | D:1      | Reached XP level 1. HP: 10/10 MP: 7/7
     2 | D:1      | You fall into a shaft and drop 1 floor!
    20 | D:2      | Found a shimmering altar of Xom.
    95 | D:2      | Reached skill level 5 in Spellcasting
    95 | D:2      | Reached XP level 2. HP: 14/15 MP: 0/10
   221 | D:2      | Found a blossoming altar of Fedhas.
   222 | D:2      | Found a shattered altar of Ashenzari.
   228 | D:2      | Found a bloodstained altar of Trog.
   282 | D:2      | Found a burning altar of Makhleb.
   303 | D:2      | Found a faded altar of an unknown god.
   306 | D:2      | Noticed Jessica
   332 | D:2      | Killed Jessica
   332 | D:2      | Reached XP level 3. HP: 13/19 MP: 1/12
   834 | D:2      | Reached skill level 6 in Spellcasting
  1239 | D:1      | Reached XP level 4. HP: 24/24 MP: 10/14
  1791 | D:3      | Noticed Grinder
  1933 | D:3      | Noticed a centaur
  1974 | D:3      | Noticed Terence
  2281 | D:1      | Learned a level 2 spell: Blink
  2285 | D:1      | Learned a level 3 spell: Conjure Flame
  2289 | D:1      | Learned a level 3 spell: Mephitic Cloud
  2307 | D:2      | Killed Terence
  2464 | D:3      | Killed a centaur
  2464 | D:3      | Reached XP level 5. HP: 28/28 MP: 5/15
  2595 | D:3      | Noticed Sigmund
  2975 | D:4      | Noticed Dowan
  3066 | D:4      | Reached XP level 6. HP: 32/32 MP: 12/17
  3141 | D:4      | Noticed Robin
  3155 | D:4      | Killed Robin
  3295 | D:4      | Reached skill level 7 in Spellcasting
  3307 | D:4      | Noticed Duvessa
  4001 | D:5      | Entered Level 5 of the Dungeon
  4103 | D:5      | Reached skill level 8 in Spellcasting
  4103 | D:5      | Reached XP level 7. HP: 28/36 MP: 6/20
  4307 | D:5      | Found Jeroomem's Armour Emporium.
  4367 | D:5      | Reached skill level 1 in Air Magic
  4563 | D:5      | Reached skill level 1 in Fire Magic
  4745 | D:5      | Reached skill level 9 in Spellcasting
  4745 | D:5      | Reached skill level 5 in Conjurations
  5259 | D:5      | Found a staircase to the Ecumenical Temple.
  5346 | D:5      | Reached skill level 1 in Poison Magic
  5346 | D:5      | Reached XP level 8. HP: 41/41 MP: 17/23
  5360 | D:5      | Bought a +1 helmet of see invisible for 181 gold pieces
  5686 | D:3      | Paralysed by Grinder for 4 turns
  5692 | D:3      | Killed Grinder
  5766 | D:3      | Killed Sigmund
  5766 | D:3      | Reached skill level 10 in Spellcasting
  5999 | D:4      | Killed Duvessa
  6226 | D:4      | Killed Dowan
  6328 | D:6      | Learned a level 4 spell: Summon Lightning Spire
  6829 | D:6      | Reached skill level 11 in Spellcasting
  6963 | D:6      | Reached XP level 9. HP: 45/45 MP: 13/26
  7653 | D:6      | Reached skill level 5 in Dodging
  7887 | D:6      | Reached skill level 12 in Spellcasting
  8605 | D:7      | Found a hazy altar of Hepliaklqana.
  8655 | D:7      | Found a runed translucent door.
  8656 | D:7      | Noticed Thomus's ghost (novice MiBe)
  8876 | D:8      | Found a sand-covered staircase.
  8946 | Ossuary  | Entered an ossuary
  9355 | Ossuary  | Reached skill level 13 in Spellcasting
  9610 | D:8      | Found a staircase to the Lair.
  9627 | D:8      | Reached XP level 10. HP: 48/50 MP: 8/29
  9836 | D:8      | Noticed a two-headed ogre
  9856 | D:8      | Killed a two-headed ogre
 11073 | D:8      | Noticed an oklob plant
 11429 | D:9      | Noticed Maurice
 11574 | D:9      | Reached skill level 14 in Spellcasting
 12540 | D:9      | Noticed a sun demon
 12812 | D:10     | Entered Level 10 of the Dungeon
 12883 | D:10     | Noticed a two-headed ogre
 12922 | D:9      | Killed a two-headed ogre
 13268 | D:8      | Killed an oklob plant
 13293 | D:8      | Found a blossoming altar of Fedhas.
 13552 | D:9      | Killed Maurice
 13552 | D:9      | Reached skill level 15 in Spellcasting
 13764 | D:9      | Reached XP level 11. HP: 47/54 MP: 11/32
 13934 | D:9      | Reached skill level 5 in Stealth
 14326 | D:10     | Found the +12 Vampire's Tooth {vamp}
 14643 | D:10     | Found a blossoming altar of Fedhas.
 15185 | D:11     | Slain by an orc warrior

Levels and vault maps discovered:
D:1:      wander_arrival_lonely_grave, layout_basic
D:2:      layout_basic, lemuel_doored_altar, nicolae_overflow_hidden_temple,
          grunt_temple_overflow_open, chequers_ecumenical_altar_simple_redux,
          uniq_jessica
D:3:      minmay_roachtagon, layout_basic, first_ration, uniq_grinder,
          uniq_terence, uniq_sigmund
D:4:      layout_layer_cave, glass_columns_a, kennysheep_small_spiral,
          uniq_duvessa, uniq_robin
D:5:      layout_loops_cross, minmay_temple_entry_nine_rooms, serial_shops, shop
D:6:      layout_rooms, minmay_manual_mess
D:7:      layout_cave_pools, kennysheep_little_box,
          ebering_ghost_reflecting_pool, grunt_ogre_cave
D:8:      layout_basic, david_lair_generic, enter_ossuary_4,
          introduction_to_nature_1
D:9:      layout_gridville, special_room [special_room_kobold], uniq_maurice
D:10:     layout_rooms, fedhas_altar_3
D:11:     layout_cave_pools, zombieorc1_lemuel, gauntlet_entry_generic

Skill      XL: |  1  2  3  4  5  6  7  8  9 10 11 |
---------------+----------------------------------+-----
Spellcasting   | 5 6 8 9 11 13 15 | 15.4
Conjurations   | 2 3 5 6 8 9 |  9.8
Stealth        | 3 4 5 |  5.0
Dodging        | 3 4 5 |  5.8
Air Magic      | 1 2 3 |  3.2
Fire Magic     | 1 2 3 |  3.5
Poison Magic   | 1 2 |  2.5
Translocations | 2 |  2.1
Summonings     | 3 4 |  4.0
Evocations     | |  0.3

Action                   |  1- 3 |  4- 6 |  7- 9 | 10-12 || total
-------------------------+-------+-------+-------+-------++-------
Melee: Dagger            |     5 |     3 |     6 |    51 ||    65
 Cast: Magic Dart        |    85 |   101 |   446 |   370 ||  1002
       Mephitic Cloud    |       |     5 |    19 |     4 ||    28
       Conjure Flame     |       |     5 |    36 |    36 ||    77
       Blink             |       |       |     5 |    13 ||    18
       Summon Lightning  |       |       |     2 |    53 ||    55
Evoke: Wand              |       |       |       |     9 ||     9
  Use: Scroll            |       |       |     3 |    12 ||    15
       Potion            |       |       |       |     1 ||     1
  Eat: Ration            |       |     1 |     2 |     3 ||     6
       Chunk             |       |     4 |    12 |    11 ||    27
Armor: Robe              |    11 |     4 |    23 |    13 ||    51
Dodge: Dodged            |    29 |    41 |   109 |    72 ||   251
       Deflected         |       |       |     1 |    14 ||    15
